 Dungeon Crawl Stone Soup version 0.27-a0-1202-ge72e49191c (webtiles) character file.

Game seed: 13669747365141900160

77 bande the Covered (level 4, -18/29 HPs)
             Began as a Gargoyle Fighter on June 4, 2021.
             Demolished by a two-headed ogre
             ... wielding a +0 giant spiked club
              (20 damage)
             ... on level 6 of the Dungeon.
             The game lasted 00:04:20 (2411 turns).

bande the Covered (Gargoyle Fighter)                Turns: 2411, Time: 00:04:20

Health: -18/29     AC: 16    Str: 19    XL:     4   Next: 34%
Magic:  4/4        EV:  5    Int:  9    God:
Gold:   103        SH:  9    Dex: 10    Spells: 3/3 levels left

rFire    . . .     SeeInvis .   a - +0 war axe
rCold    . . .     Faith    .   c - +0 kite shield
rNeg     + + .     Spirit   .   l - +0 chain mail
rPois    ∞         Reflect  .   (no helmet)
rElec    +         Harm     .   g - +2 cloak
rCorr    .         Rampage  .   (no gloves)
Will     .....                  (no boots)
Stlth    ..........             (no amulet)
HPRegen  0.09/turn              e - ring of positive energy
MPRegen  0.09/turn              (no ring)

@: mighty
A: sickness immunity, AC +3, negative energy resistance 1, electricity
resistance, torment resistance 1, petrification resistance
a: no special abilities


You were on level 6 of the Dungeon.
You visited 1 branch of the dungeon, and saw 4 of its levels.

You collected 103 gold pieces.

Inventory:

Hand Weapons
 a - a +0 war axe (weapon)
Armour
 c - a +0 kite shield (worn)
 g - a +2 cloak (worn)
 l - a +0 chain mail (worn)
Jewellery
 e - a ring of positive energy (left hand)
Wands
 k - a wand of iceblast (7)
Scrolls
 f - a scroll of torment {unknown}
 h - a scroll of teleportation {unknown}
 i - a scroll of acquirement {unknown}
 j - 2 scrolls of identify {unknown}


   Skills:
 + Level 3.6 Fighting
 + Level 3.1 Axes
 + Level 3.7 Armour
 + Level 0.6 Dodging
 - Level 0.1 Stealth
 + Level 3.6 Shields


You had 3 spell levels left.
You didn't know any spells.
Your spell library was empty.

Dungeon Overview and Level Annotations

Branches:
Dungeon (3/15)

Altars:
Fedhas


Innate Abilities, Weirdness & Mutations

You are immune to sickness and miasma.
Your stone body is resilient. (AC +3)
You are immune to poison.
You resist negative energy. (rN+)
You are resistant to electric shocks. (rElec)
You are resistant to unholy torment.
You are immune to petrification.


Message History

You open the door.
There is an open door here.
A goblin comes into view. It is wielding a +0 dagger.
You fall into a shaft and drop 3 floors!
The shaft crumbles and collapses.
Found a chain mail.
You see here a +0 chain mail.
There are no items here.
You see here a +0 chain mail.
l - a +0 chain mail You start removing your armour.
You continue taking off your +0 scale mail. x4
You finish taking off your +0 scale mail.
You start putting on your armour.
You continue putting on your +0 chain mail. x5
You finish putting on your +0 chain mail.
Drop what? 12/52 slots (_ for help) (? for menu, Esc to quit)
You drop a +0 scale mail.
You hear a distant slurping noise.
A two-headed ogre comes into view.
It is wielding two +0 giant spiked clubs.
The two-headed ogre shouts in stereo!
You feel very mighty all of a sudden.
You hit the two-headed ogre.
The two-headed ogre is lightly wounded.
You hear a distant slurping noise.
The two-headed ogre hits you with a +0 giant spiked club!
You block the two-headed ogre's attack.
You hit the two-headed ogre.
The two-headed ogre is lightly wounded.
The two-headed ogre hits you with a +0 giant spiked club. x2
Your chain mail prevents you from hitting the two-headed ogre.
The two-headed ogre is lightly wounded.
The two-headed ogre hits you with a +0 giant spiked club!
* * * LOW HITPOINT WARNING * * *
The two-headed ogre hits you with a +0 giant spiked club.
* * * LOW HITPOINT WARNING * * *
You block the two-headed ogre's attack.
The two-headed ogre hits you with a +0 giant spiked club!!
Ouch! That really hurt!
You die...

... #.# #+# #.# #.#
#.# #.# #.# ##.##
#.# ##...## ##O##
#.....###
#.@.########.......
#.............#.###
#...#########.#.#
##### #...# #####


You could see a two-headed ogre.

Vanquished Creatures
  2 adders (D:2)
  A worm (D:2)
  4 dart slugs
  3 ball pythons
  3 endoplasms
  3 giant cockroaches
  4 goblins
  2 hobgoblins
  2 jackals (D:1)
  2 quokkas (D:1)
  4 bats
  4 frilled lizards
  7 kobolds
  5 rats
46 creatures vanquished.

Notes
Turn   | Place    | Note
-------+----------+-------------------------------------------
     0 | D:1      | bande the Gargoyle Fighter began the quest for the Orb.
     0 | D:1      | Reached XP level 1. HP: 14/14 MP: 1/1
    39 | D:1      | Reached XP level 2. HP: 19/19 MP: 2/2
   545 | D:1      | Found a faded altar of an unknown god.
   875 | D:1      | Reached XP level 3. HP: 23/23 MP: 3/3
  1103 | D:2      | Found a blossoming altar of Fedhas.
  1420 | D:2      | Reached XP level 4. HP: 29/29 MP: 4/4
  2323 | D:3      | You fall into a shaft and drop 3 floors!
  2405 | D:6      | Noticed a two-headed ogre
  2411 | D:6      | Demolished by a two-headed ogre

Illustrated notes

Levels and vault maps discovered:
D:1:      mrwooster_arrival_statue_2, layout_loops_ring, basic_ecumenical_altar
D:2:      layout_loops_ring, basic_altar, kennysheep_generic_room_14
D:3:      layout_loops_corners, uniq_terence
D:6:      layout_loops_corners, amcnicky_mini_corridor_feature,
          chequers_mini_garden, grunt_decor_one_mirror, kb_rosetta

Skill      XL: |  1  2  3  4 |
---------------+-------------+-----
Axes           | 2 3 |  3.1
Fighting       | |  3.6
Armour         | |  3.7
Dodging        | |  0.6
Stealth        | |  0.1
Shields        | |  3.6

Action                   |  1- 3 |  4- 6 || total
-------------------------+-------+-------++-------
Melee: War axe           |   104 |    58 ||   162
  Use: Potion            |       |     1 ||     1
Armor: Scale mail        |    56 |    35 ||    91
Dodge: Dodged            |    39 |    28 ||    67
Block: Kite shield       |    56 |    38 ||    94

Table legend: (Time is in decaauts)
 A = Elapsed time spent in this place.
 B = Non-inter-level travel time spent in this place.
 C = Inter-level travel time spent in this place.
 D = Time resting spent in this place.
 E = Time spent auto-exploring this place.
 F = Levels seen in this place.
 G = Mean time per level.
                   A        B        C        D        E       F      G
               +--------+--------+--------+--------+--------+-----+--------+
         Total |   2509 |   2486 |     23 |      0 |   1976 |   4 |  627.2 |
       Dungeon |   2509 |   2486 |     23 |      0 |   1976 |   4 |  627.2 |
               +--------+--------+--------+--------+--------+-----+--------+

Top non-repeatable levels by time:
     D:1: 1019 daAuts
     D:2: 934 daAuts
     D:3: 466 daAuts
     D:6: 88 daAuts
